 Dungeon Crawl Stone Soup version 0.31-a0-700-gf13585253f (webtiles) character file.

Game seed: 3676565066679922031

309 qw the Shooter (level 6, 0/38 HPs)
             Began as a Gargoyle Hunter on Sept 7, 2023.
             Slain by a goblin
             ... wielding a +0 club
             ... led by Robin
              (3 damage)
             ... on level 4 of the Dungeon.
             The game lasted 00:01:02 (2276 turns).

qw the Shooter (Gargoyle Hunter)                    Turns: 2276, Time: 00:01:02

Health: 0/38       AC: 10    Str: 14    XL:     6   Next: 41%
Magic:  6/6        EV: 11    Int: 10    God:
Gold:   200        SH:  0    Dex: 15    Spells: 5/5 levels left

rFire   . . .        Y - +1 shortbow
rCold   . . .        (shield currently unavailable)
rNeg    + . .        m - +0 ring mail
rPois   inf          (no helmet)
rElec   +            (no cloak)
rCorr   .            j - +0 pair of gloves
SInv    .            (no boots)
Will    +....        (no amulet)
Stlth   +            b - ring of willpower
HPRegen 0.26/turn    (no ring)
MPRegen 0.10/turn

%: no passive effects
@: no status effects
A: sickness immunity, AC +4, negative energy resistance 1, electricity
resistance, torment resistance 1, petrification resistance
a: no special abilities


You were on level 4 of the Dungeon.
You visited 1 branch of the dungeon, and saw 4 of its levels.

You collected 200 gold pieces.


Innate Abilities, Weirdness & Mutations

You are immune to sickness and miasma.
Your stone body is resilient. (AC +4)
You are immune to poison.
You resist negative energy. (rN+)
You are resistant to electric shocks. (rElec)
You are resistant to unholy torment.
You are immune to petrification.


   Skills:
 - Level 4.0 Fighting
 + Level 6.5 Ranged Weapons
 - Level 1.5 Armour
 - Level 1.5 Dodging
 - Level 1.1 Stealth


You had 5 spell levels left.
You didn't know any spells.
Your spell library was empty.

Inventory:

Hand Weapons
 Y - a +1 shortbow (weapon)
Armour
 j - a +0 pair of gloves (worn)
 m - a +0 ring mail (worn)
Jewellery
 b - a ring of willpower (left hand)
 f - a ring of fire
Scrolls
 a - a scroll of teleportation {unknown}
Potions
 c - a potion of might {unknown}
 d - a potion of lignification {unknown}
 e - a potion of curing {unknown}
 h - a potion of haste {unknown}
 i - a potion of cancellation
 k - a potion of invisibility {unknown}
 l - a potion of resistance {unknown}
 o - a potion of heal wounds {unknown}

Dungeon Overview and Level Annotations

Branches:
Dungeon (4/15)
 Temple: D:4-7

Altars:
Ashenzari
Elyvilon
Yredelemnul

Shops:
D:1 (

Annotations:
D:4 Robin


Message History

You shoot an arrow. The arrow barely misses the adder.
The arrow barely misses the goblin.
The arrow hits Robin.
Robin is lightly wounded.
The adder bites you but does no damage. The goblin misses you.
Robin roars a battlecry!
The goblin goes into a battle-frenzy!
You shoot an arrow. The arrow hits the adder.
You kill the adder!
The adder bites you but does no damage. The goblin hits you but does no damage.
You shoot an arrow. The arrow hits the adder.
The adder is lightly wounded.
The adder barely misses you. The goblin barely misses you.
The adder closely misses you.
You shoot an arrow. The arrow hits the adder!
The adder is almost dead.
The goblin hits you with a +0 club. The adder misses you.
You shoot an arrow. The arrow hits the adder.
You kill the adder!
The goblin barely misses you.
You shoot an arrow. The arrow barely misses Robin.
The arrow closely misses the goblin.
The goblin misses you. The goblin closely misses you. Robin barely misses you.
You shoot an arrow. The arrow closely misses Robin.
The arrow hits the goblin!
You kill the goblin!
The goblin closely misses you. Robin hits you with a +0 mace.
You shoot an arrow.
The arrow hits Robin but does no damage.
Robin is lightly wounded.
The goblin barely misses you. Robin barely misses you.
You shoot an arrow. The arrow barely misses Robin.
The goblin closely misses you. Robin closely misses you.
You shoot an arrow. The arrow barely misses Robin.
The goblin barely misses you. Robin hits you but does no damage.
You shoot an arrow. The arrow hits Robin.
Robin is lightly wounded.
The goblin hits you with a +0 club. Robin hits you with a +0 mace.
You shoot an arrow. The arrow hits Robin.
Robin is moderately wounded.
The goblin hits you with a +0 club.
You die...

. ######### ...
####...[..?########.....
...............g@g))....
.........#.#######......
###.......### .....
#####...#.# .... #####
#...#.# ..(
....####.....# +#
###........#.#
...........#.#
##.........#.#


You could see Robin and a goblin (strong).

Vanquished Creatures
  A howler monkey (D:3)
  An iguana (D:3)
  2 orc wizards
  7 gnolls
  3 adders
  3 worms
  2 dart slugs (D:2)
  10 orcs
  2 bats (D:3)
  5 endoplasms
  A giant cockroach (D:2)
  11 goblins
  9 hobgoblins
  2 quokkas (D:2)
  8 ball pythons
  5 frilled lizards (D:1)
  6 kobolds
  2 rats
80 creatures vanquished.

Notes
Turn   | Place    | Note
-------+----------+-------------------------------------------
     0 | D:1      | qw the Gargoyle Hunter began the quest for the Orb.
     0 | D:1      | Reached XP level 1. HP: 12/12 MP: 1/1
     0 | D:1      | 0 ||| qw: Version: 0.3-a-76-g4403597
     0 | D:1      | 0 ||| qw: Game counter: 472
     0 | D:1      | 0 ||| qw: Melee chars always use a shield: true
     0 | D:1      | 0 ||| qw: God list: Okawaru
     0 | D:1      | 0 ||| qw: Allow faded altars: false
     0 | D:1      | 0 ||| qw: Do Orc after clearing Dungeon:15 true
     0 | D:1      | 0 ||| qw: Do second Lair branch before Depths: true
     0 | D:1      | 0 ||| qw: Lair rune preference: random
     0 | D:1      | 0 ||| qw: Goals: Normal
     0 | D:1      | 0 ||| PLANNING D:1-11
   100 | D:1      | Reached XP level 2. HP: 17/17 MP: 2/2
   336 | D:1      | Found Ummaloom's Weapon Boutique.
   477 | D:1      | 477 ||| UPGRADING to +0 pair of gloves.
   482 | D:1      | 482 ||| UPGRADING to +0 ring mail.
   492 | D:1      | 492 ||| DROPPING +0 leather armour.
   493 | D:1      | 493 ||| DROPPING ring of magical power.
   494 | D:1      | 494 ||| READING scroll labelled ESAFET NEFROFEIL.
   495 | D:1      | 495 ||| READING scroll labelled MAFUXK SEDOI.
   496 | D:1      | 496 ||| DRINKING 2 sedimented grey potions.
   497 | D:1      | 497 ||| DROPPING scroll of butterflies.
   563 | D:2      | Reached XP level 3. HP: 21/21 MP: 3/3
   567 | D:2      | Reached skill level 1 in Armour
   603 | D:2      | Found a faded altar of an unknown god.
   790 | D:2      | Reached skill level 5 in Ranged Weapons
  1140 | D:2      | 1140 ||| UPGRADING to ring of willpower.
  1141 | D:2      | 1141 ||| READING 3 scrolls labelled JEPPOI ALLA.
  1142 | D:2      | 1142 ||| DROPPING 2 scrolls of vulnerability.
  1196 | D:3      | 1196 ||| STAIRDANCE
  1205 | D:3      | HP: 2/22 [iguana (6)]
  1209 | D:3      | Reached skill level 3 in Fighting
  1209 | D:3      | Reached XP level 4. HP: 4/28 MP: 4/4
  1209 | D:3      | 1209 ||| STAIRDANCE
  1488 | D:3      | Reached XP level 5. HP: 15/32 MP: 5/5
  1637 | D:3      | Found a basalt altar of Yredelemnul.
  1637 | D:3      | Found a broken altar of Ashenzari.
  1784 | D:3      | 1784 ||| READING scroll labelled DYWUDGH OPTE.
  1785 | D:3      | 1785 ||| READING scroll labelled TEFUSO USKEIKO.
  1786 | D:3      | 1786 ||| READING scroll labelled OSHRIC NISCHAD.
  1810 | D:4      | 1810 ||| STAIRDANCE
  1817 | D:4      | 1817 ||| STAIRDANCE
  1827 | D:3      | HP: 8/32 [gnoll/+0 halberd (5)]
  1828 | D:3      | Reached skill level 6 in Ranged Weapons
  1925 | D:4      | 1925 ||| STAIRDANCE
  1938 | D:4      | 1938 ||| STAIRDANCE
  1989 | D:4      | 1989 ||| STAIRDANCE
  1994 | D:3      | HP: 5/32 [gnoll/+0 flail (8)]
  1995 | D:3      | HP: 2/33 [gnoll/+0 flail (3)]
  2128 | D:4      | Reached XP level 6. HP: 38/38 MP: 6/6
  2173 | D:4      | Found a white marble altar of Elyvilon.
  2238 | D:4      | Noticed Robin
  2268 | D:4      | HP: 9/38 [goblin/+0 club[Robin] (4)]
  2275 | D:4      | HP: 7/38 [goblin/+0 club[Robin] (3)]
  2275 | D:4      | HP: 2/38 [Robin/+0 mace (5)]
  2276 | D:4      | Slain by a goblin

Levels and vault maps discovered:
D:1:      elethiomel_arrival_quiet, layout_basic, serial_shops,
          nicolae_shop_bloodbath_and_beyond
D:2:      cheibrodos_old_hovel, layout_loops_ring, basic_ecumenical_altar
D:3:      layout_rooms, gammafunk_temple_overflow_wave, minmay_box_of_dots
D:4:      layout_basic, trog_wizard, nicolae_overflow_crystal_walls, uniq_robin,
          uniq_crazy_yiuf_cottage

Skill      XL: |  1  2  3  4  5 |
---------------+----------------+-----
Armour         | 1 |  1.5
Ranged Weapons | 5 6 |  6.5
Fighting       | 3 4 |  4.0
Dodging        | |  1.5
Stealth        | |  1.1

Action                     |  1- 3 |  4- 6 || total
---------------------------+-------+-------++-------
   Fire: Shortbow          |    87 |   163 ||   250
    Use: Scroll            |     3 |     3 ||     6
         Potion            |     1 |       ||     1
 Armour: Leather armour    |     1 |       ||     1
         Ring mail         |    14 |    97 ||   111
  Dodge: Dodged            |    13 |    99 ||   112

Table legend:
 A = Non-vault XP
 B = Vault XP
 C = Vault XP percentage of total XP
 D = Non-vault monster count
 E = Vault monster count
 F = Vault count percentage of total count
                 A         B        C        D         E       F
            +---------+---------+-------+---------+---------+-------
      Total |     405 |      37 |   8.4 |      66 |      14 |  17.5
            +---------+---------+-------+---------+---------+-------
        D:1 |      27 |       0 |   0.0 |      18 |       0 |   0.0
        D:2 |      32 |      13 |  28.9 |      14 |       1 |   6.7
        D:3 |     231 |       5 |   2.1 |      20 |       3 |  13.0
        D:4 |     115 |      19 |  14.2 |      14 |      10 |  41.7
            +---------+---------+-------+---------+---------+-------
